 Dungeon Crawl Stone Soup version 0.26.1-2-gb8aa6d0cf2 (webtiles) character file.

Game seed: 9090068997118464980

63 PentaManta the Cutter (level 3, -3/19 HPs)
             Began as a Spriggan Abyssal Knight on Feb 9, 2021.
             Was a Follower of Lugonu.
             Slain by a gnoll
             ... wielding a +0 spear
              (12 damage)
             ... on level 4 of the Dungeon.
             The game lasted 00:04:17 (2829 turns).

PentaManta the Cutter (Spriggan Abyssal Knight)     Turns: 2829, Time: 00:04:17

Health: -3/19      AC:  2    Str:  9    XL:     3   Next: 87%
Magic:  5/5        EV: 19    Int: 13    God:    Lugonu [*.....]
Gold:   130        SH:  0    Dex: 15    Spells: 2/2 levels left

rFire    . . .     SeeInvis +   a - +1 short sword
rCold    . . .     Faith    .   (shield restricted)
rNeg     . . .     Spirit   .   b - +0 robe
rPois    .         Reflect  .   (helmet restricted)
rElec    .         Harm     .   (no cloak)
rCorr    .         Rampage  .   (gloves unavailable)
Will     .....                  (boots unavailable)
Stlth    +.........             (no amulet)
HPRegen  0.06/turn              (no ring)
MPRegen  0.09/turn              (no ring)

@: very quick
A: very small, unfitting armour, see invisible, speed 3
a: Renounce Religion, Depart the Abyss


You were on level 4 of the Dungeon.
You worshipped Lugonu.
Lugonu was aware of your devotion.
You visited 1 branch of the dungeon, and saw 4 of its levels.
You visited the Abyss 1 time.

You collected 130 gold pieces.

Inventory:

Hand Weapons
 a - a +1 short sword (weapon)
 k - a +0 mace of holy wrath
 l - a +0 dagger
Missiles
 d - 111 stones
Armour
 b - a +0 robe (worn)
Scrolls
 c - a scroll of remove curse {unknown}
 e - 3 scrolls of identify {unknown}
 h - a scroll of fog
 i - 2 scrolls of teleportation {unknown}
 j - a scroll of amnesia {unknown}
 m - a scroll of noise {unknown}
Potions
 f - a potion of mutation {unknown}
 g - a potion of curing {unknown}
 n - a potion of berserk rage {unknown}


   Skills:
 - Level 2.4 Fighting
 + Level 4.4 Short Blades
 * Level 4.1 Dodging
 - Level 1.7 Invocations


You had 2 spell levels left.
You didn't know any spells.
Your spell library contained the following spells:

 Spells                   Type           Power        Failure   Level
 Corona                   Hex            0%           30%         1
 Ensorcelled Hibernation  Hex/Ice        0%           43%         2
 Confusing Touch          Hex            0%           67%         3
 Dazzling Flash           Conj/Hex       0%           67%         3
 Tukima's Dance           Hex            0%           67%         3


Dungeon Overview and Level Annotations

Branches:
Dungeon (4/15)
 Temple: D:4-7

Altars:

Annotations:
D:2 1 runed translucent door, Crazy Yiuf


Innate Abilities, Weirdness & Mutations

You are very small and have problems with some larger weapons.
You are too small for most types of armour.
You have supernaturally acute eyesight. (SInv)
You cover ground extremely quickly.


Message History

The bullfrog is lightly wounded.
The bullfrog barely misses you.
You hit the bullfrog but do no damage.
The bullfrog is lightly wounded.
The bullfrog misses you.
You hit the bullfrog.
The bullfrog is lightly wounded.
The bullfrog hits you! The bullfrog hits you.
You are too injured to fight recklessly!
You are too injured to fight recklessly!
There is a stone staircase leading down here.
You climb downwards. 5 gnolls and a gnoll shaman come into view.
The gnoll shaman shouts!
The gnoll shouts! x3
There is a stone staircase leading up here.
Unknown command.
The gnoll shaman barely misses you.
The gnoll hits you from afar with a +0 spear!
Ouch! That really hurt!
You die... #### #gg

#g#
#@#
#g#
#g#
#g#
#.#
#.#
#.#
#.#


You could see a gnoll shaman and 5 gnolls.

Vanquished Creatures
  2 adders
  A leopard gecko (D:2)
  4 orcs (D:3)
  2 giant cockroaches (D:2)
  5 goblins
  6 hobgoblins
  4 kobolds
  2 quokkas (D:3)
  5 bats
  A frilled lizard (D:1)
  5 rats
37 creatures vanquished.

Notes
Turn   | Place    | Note
-------+----------+-------------------------------------------
     0 | Abyss:1  | PentaManta the Spriggan Abyssal Knight began the quest for
                  | the Orb.
     0 | Abyss:1  | Reached XP level 1. HP: 11/11 MP: 3/3
   173 | Abyss:1  | Noticed a raiju
   178 | D:1      | Escaped the Abyss
   805 | D:2      | Reached XP level 2. HP: 15/16 MP: 4/4
   845 | D:2      | Reached * piety under Lugonu
  1768 | D:2      | Reached XP level 3. HP: 19/19 MP: 5/5
  2008 | D:2      | Found a runed translucent door.
  2009 | D:2      | Noticed Crazy Yiuf
  2807 | D:3      | Noticed a bullfrog
  2829 | D:4      | Slain by a gnoll

Illustrated notes

Levels and vault maps discovered:
D:1:      heliophobic_arrival_enchanted_forest, layout_basic
D:2:      layout_basic, uniq_crazy_yiuf_cottage
D:3:      layout_basic
D:4:      layout_loops_ring, kennysheep_mini, amethyst_overflow_temple_binary,
          uniq_duvessa

Skill      XL: |  1  2  3 |
---------------+----------+-----
Short Blades   | 3 4 |  4.4
Dodging        | 4 |  4.1
Fighting       | |  2.4
Invocations    | |  1.7

Action                   || total
-------------------------++-------
Melee: Short sword       ||   136
Invok: Depart the Abyss  ||     1
  Use: Scroll            ||     2
 Stab: Sleeping          ||     2
Armor: Robe              ||    10
Dodge: Dodged            ||   119
